 Dungeon Crawl Stone Soup version 0.22-a0-580-gd5db89c (webtiles) character file.

62 iamserjio the Insei (level 3, 7/33 HPs)
             Began as a Draconian Monk on July 3, 2018.
             Quit the game on level 4 of the Dungeon.
             The game lasted 00:04:21 (706 turns).

iamserjio the Insei (Draconian Monk)                 Turns: 706, Time: 00:04:22

Health: 7/33       AC:  5    Str: 13    XL:     3   Next: 85%
Magic:  3/3        EV: 13    Int: 11    God:
Gold:   81         SH:  0    Dex: 13    Spells: 2/2 levels left

rFire    . . .     SeeInvis .     - Unarmed
rCold    . . .     Gourm    .   (no shield)
rNeg     . . .     Faith    .   (armour unavailable)
rPois    .         Spirit   .   (helmet restricted)
rElec    .         Reflect  .   (no cloak)
rCorr    .         Harm     .   (no gloves)
MR       .....                  (no boots)
Stlth    ++........             (no amulet)
HPRegen  0.11/turn              (no ring)
MPRegen  0.08/turn              (no ring)

@: very slightly contaminated, invisible
A: unfitting armour, cold-blooded, AC +5
a: no special abilities


You were on level 4 of the Dungeon.
You were not hungry.

You visited 1 branch of the dungeon, and saw 4 of its levels.

You collected 81 gold pieces.

Inventory:

Hand Weapons
 d - a +2 whip of venom
 i - a +0 trident
Missiles
 h - 29 stones (quivered)
 k - 19 arrows
Scrolls
 c - a scroll of identify {unknown}
 f - a scroll of teleportation {unknown}
 g - a scroll of remove curse {unknown}
Potions
 b - a potion of brilliance
Comestibles
 a - 4 rations


   Skills:
 + Level 3.9 Fighting
 + Level 3.1 Dodging
 - Level 1.7 Stealth
 * Level 4.0 Unarmed Combat


You had 2 spell levels left.
You didn't know any spells.
Your spell library was empty.

Dungeon Overview and Level Annotations

Branches:
Dungeon (4/15)
 Temple: D:4-7

Altars:
Elyvilon
Hepliaklqana
Ru
Yredelemnul
The Shining One

Annotations:
D:2 1 exclusion, Natasha
D:4 2 transporters


Innate Abilities, Weirdness & Mutations

Your plain brown scales are hard. (AC +5)
You cannot fit into any form of body armour.
You are cold-blooded and may be slowed by cold attacks.


Message History

The iguana is moderately wounded.
The iguana bites you!
* * * LOW HITPOINT WARNING * * *
You punch the iguana!
Your tail-slap misses the iguana.
The iguana is severely wounded.
The iguana bites you.
* * * LOW HITPOINT WARNING * * *
You barely miss the iguana.
The iguana is severely wounded.
The iguana closely misses you.
It was a potion of cancellation.
You feel magically purged. The iguana closely misses you.
It was a potion of invisibility.
You fade into invisibility!
The iguana barely misses you.
You are very lightly contaminated with residual magic.
You hit the iguana.
You kill the iguana!
Your Unarmed Combat skill increases to level 4!
Are you sure you want to abandon this character and quit the game? (Confirm with "yes".)

####.##...###
#...........#
####.##...#.#
#.##...#.#
#.##...#.#
#.##...#.#
#.##...#.#
#.######.#
#.# #@# #.#
#.# #.# #.#
#.# #.#
#.######.#
#........#
##########


There were no monsters in sight!

Vanquished Creatures
  An iguana (D:4)
  2 adders
  An orc (D:4)
  A ball python (D:4)
  A giant cockroach (D:2)
  2 goblins (D:1)
  4 hobgoblins
  3 jackals (D:3)
  A frilled lizard (D:2)
  A rat (D:1)
17 creatures vanquished.

Notes
Turn   | Place    | Note
-------+----------+-------------------------------------------
     0 | D:1      | iamserjio the Draconian Monk began the quest for the Orb.
     0 | D:1      | Reached XP level 1. HP: 19/19 MP: 1/1
   231 | D:2      | Reached XP level 2. HP: 12/26 MP: 2/2
   269 | D:2      | Noticed Natasha
   436 | D:3      | Reached XP level 3. HP: 23/33 MP: 3/3
   507 | D:4      | Found a basalt altar of Yredelemnul.
   606 | D:4      | Found a sacrificial altar of Ru.
   629 | D:4      | Found a transporter.
   629 | D:4      | Found a hazy altar of Hepliaklqana.
   629 | D:4      | Noticed an orc warrior
   630 | D:4      | Found a transporter.
   630 | D:4      | Found a glowing golden altar of the Shining One.
   633 | D:4      | Noticed a gargoyle
   634 | D:4      | Noticed a two-headed ogre
   653 | D:4      | Found a white marble altar of Elyvilon.
   677 | D:4      | Reached skill level 4 in Unarmed Combat
   706 | D:4      | Quit the game

Vault maps used:
D:1:      lemuel_arrival_river_passageway, serial_forest,
          infiniplex_forest_lined_1, infiniplex_forest_lined_room_,
          infiniplex_forest_split, infiniplex_forest_end_2,
          infiniplex_forest_lined_room_
D:2:      uniq_natasha, uniq_terence
D:3:      overflow_temple_1_default, first_ration, minivault_5
D:4:      nicolae_ru_awakened_eye, lemuel_coloured_pillars_altar,
          marbit_many_paths, gammafunk_temple_overflow_arena,
          kennysheep_big_empty_room

Skill      XL: |  1  2  3 |
---------------+----------+-----
Dodging        | 3 |  3.1
Unarmed Combat | 4 |  4.0
Fighting       | |  3.9
Stealth        | |  1.7

Action                   || total
-------------------------++-------
Melee: Unarmed           ||    77
       Tailslap          ||     6
       Punch             ||     1
  Use: Potion            ||     4
 Stab: Sleeping          ||     4
Armor: Skin              ||    17
Dodge: Dodged            ||    45

Table legend:
 A = Spawn XP
 B = Non-spawn XP
 C = Spawn XP percentage of total XP
 D = Spawn monster count
 E = Non-spawn monster count
 F = Spawn count percentage of total count
 G = Total turns spent on level
                    A         B        C        D         E        F      G
               +---------+---------+-------+---------+---------+-------+---------
         Total |       0 |      89 |   0.0 |       0 |      17 |   0.0 |   706
               +---------+---------+-------+---------+---------+-------+---------
           D:1 |       0 |       6 |   0.0 |       0 |       4 |   0.0 |   142
           D:2 |       0 |      16 |   0.0 |       0 |       3 |   0.0 |   135
           D:3 |       0 |      26 |   0.0 |       0 |       7 |   0.0 |   184
           D:4 |       0 |      41 |   0.0 |       0 |       3 |   0.0 |   245
               +---------+---------+-------+---------+---------+-------+---------
